 Dungeon Crawl Stone Soup version 0.25-a0-287-g56a5b49892 (webtiles) character file.

Game seed: 11865488232733415176, levelgen mode: deterministic

44 MoonlitKnight the Poker (level 3, -5/27 HPs)
             Began as a Merfolk Skald on Dec 12, 2019.
             Killed by nerve-wracking pain
             ... invoked by Jessica
              (11 damage)
             ... on level 2 of the Dungeon.
             The game lasted 00:05:14 (1419 turns).

MoonlitKnight the Poker (Merfolk Skald)             Turns: 1419, Time: 00:05:15

Health: -5/27      AC:  3    Str: 12    XL:     3   Next: 60%
Magic:  4/6        EV: 12    Int: 12    God:
Gold:   97         SH:  0    Dex: 13    Spells: 0/6 levels left

rFire    . . .     SeeInvis .   a - +0 spear
rCold    . . .     Gourm    .   (no shield)
rNeg     . . .     Faith    .   b - +0 leather armour
rPois    .         Spirit   .   (no helmet)
rElec    .         Reflect  .   (no cloak)
rCorr    .         Harm     .   (no gloves)
MR       .....                  (no boots)
Stlth    +.........             (no amulet)
HPRegen  0.09/turn              (no ring)
MPRegen  0.10/turn              (no ring)

@: shrouded (expiring)
A: change form in water, swift swim, stealthy swim
a: no special abilities


You were on level 2 of the Dungeon.
You were not hungry.

You visited 1 branch of the dungeon, and saw 2 of its levels.

You collected 97 gold pieces.

Inventory:

Hand Weapons
 a - a +0 spear (weapon)
 r - a +0 hunting sling
Armour
 b - a +0 leather armour (worn)
 e - a +0 ring mail
Jewellery
 j - an uncursed amulet of rage {unknown}
 n - an uncursed ring of flight {unknown}
 p - an uncursed ring of resist corrosion {unknown}
Scrolls
 h - a scroll of teleportation {unknown}
 i - a scroll of amnesia {unknown}
 k - 2 scrolls of enchant armour {unknown}
 l - a scroll of enchant weapon {unknown}
 m - a scroll of immolation {unknown}
 o - a scroll of identify {unknown}
 t - a scroll of blinking {unknown}
Potions
 c - 3 potions of agility {unknown}
 g - a potion of haste {unknown}
 q - a potion of heal wounds {unknown}
 s - a potion of lignification {unknown}
 u - a potion of curing {unknown}
 v - a potion of flight {unknown}
Comestibles
 d - 5 rations
 f - 3 chunks of flesh


   Skills:
 - Level 2.1 Fighting
 + Level 4.5 Polearms
 - Level 0.6 Armour
 + Level 2.7 Dodging
 - Level 2.0 Spellcasting
 + Level 4.2 Charms


You couldn't memorise any spells.
You knew the following spells:

 Your Spells              Type           Power        Failure   Level  Hunger
a - Infusion              Chrm           ##..         6%          1    ##.....
b - Shroud of Golubria    Chrm/Tloc      #.....       22%         2    ###....
c - Spectral Weapon       Hex/Chrm       #.......     41%         3    ####...

Your spell library contained the following spells:

 Spells                   Type           Power        Failure   Level  Hunger
 Song of Slaying          Chrm           ##......     10%         2    ###....
 Regeneration             Chrm/Necr      #.........   41%         3    ####...


Dungeon Overview and Level Annotations

Branches:
Dungeon (2/15)

Altars:
Nemelex Xobeh
Xom

Annotations:
D:2 Jessica


Message History

Jessica is heavily wounded.
Jessica mumbles some strange words.
Jessica blinks!
Found a cloak. "WORSHIP ME, MORTAL," Xom booms, "AND I SHALL GRANT YOU THE GREATEST GIFT OF ALL."
Jessica points at you and mumbles some strange words.
You barely resist.
Found a shimmering altar of Xom.
Your shroud begins to fray at the edges.
You hit Jessica but do no damage.
Jessica is heavily wounded.
Jessica gestures at you while chanting. Pain shoots through your body!
* * * LOW HITPOINT WARNING * * *
You closely miss Jessica.
Jessica is heavily wounded.
A kobold comes into view. It is wielding a +0 spear.
Jessica gestures at you while chanting. Pain shoots through your body!
You die...

...# ####..).. #..#
#......#. #..# #.##.##.#
#..### ###.#.##.8.
#...#####....####.#
.K.####.#.......#..#.#.##
.[................#.⌠.###
..####....##.####..#.###.
#..#@###...###.####.#
#..##@# ###.###..##.8.
#.# #.# #.....#.##.# ...
#.# ########..#. ...# #..
##... ..# #.. #### #._
#...


You could see Jessica and a kobold (wandering).

Vanquished Creatures
  3 dart slugs (D:1)
  2 leopard geckos (D:1)
  2 giant cockroaches
  4 goblins
  6 hobgoblins (D:1)
  2 jackals (D:1)
  5 kobolds (D:1)
  3 bats
  6 rats (D:1)
33 creatures vanquished.

Notes
Turn   | Place    | Note
-------+----------+-------------------------------------------
     0 | D:1      | MoonlitKnight the Merfolk Skald began the quest for the
                  | Orb.
     0 | D:1      | Reached XP level 1. HP: 16/16 MP: 3/3
    85 | D:1      | Reached XP level 2. HP: 22/22 MP: 0/5
    92 | D:1      | Learned a level 2 spell: Shroud of Golubria
   764 | D:1      | Reached XP level 3. HP: 24/27 MP: 0/6
  1086 | D:1      | Learned a level 3 spell: Spectral Weapon
  1366 | D:2      | Found a sparkling altar of Nemelex Xobeh.
  1406 | D:2      | Noticed Jessica
  1416 | D:2      | Found a shimmering altar of Xom.
  1419 | D:2      | Killed from afar by Jessica

Levels and vault maps discovered:
D:1:      eino_arrival_druids_welcome, layout_basic, solitary_fountain
D:2:      layout_rooms, brannock_xom_greatest_gift,
          eat_drink_and_be_merry_uskayaw, nicolae_overflow_hidden_temple,
          grunt_decor_mini_mirrors, uniq_jessica

Skill      XL: |  1  2 |
---------------+-------+-----
Polearms       | 4 |  4.5
Charms         | 4 |  4.2
Fighting       | |  2.1
Armour         | |  0.6
Dodging        | |  2.7
Spellcasting   | |  2.0

Action                   || total
-------------------------++-------
Melee: Spear             ||   134
 Cast: Infusion          ||     8
       Shroud of Golubri ||     3
  Eat: Chunk             ||     2
Armor: Leather armour    ||    26
Dodge: Dodged            ||   115

Table legend:
 A = Non-vault XP
 B = Vault XP
 C = Vault XP percentage of total XP
 D = Non-vault monster count
 E = Vault monster count
 F = Vault count percentage of total count
                 A         B        C        D         E       F
            +---------+---------+-------+---------+---------+-------
      Total |      63 |       0 |   0.0 |      33 |       0 |   0.0
            +---------+---------+-------+---------+---------+-------
        D:1 |      58 |       0 |   0.0 |      30 |       0 |   0.0
        D:2 |       5 |       0 |   0.0 |       3 |       0 |   0.0
            +---------+---------+-------+---------+---------+-------
